 Dungeon Crawl Stone Soup version 0.16-a0-4092-gb8933cd (webtiles) character file.

215 dithyrambik the Magician (level 5, -1/35 HPs)
             Began as a Mummy Wizard on Feb 24, 2015.
             Killed by divine providence
             ... invoked by an orc priest
              (16 damage)
             ... on level 3 of the Dungeon.
             The game lasted 00:19:17 (4934 turns).

dithyrambik the Magician (Mummy Wizard)             Turns: 4934, Time: 00:19:17

Health: -1/35      AC:  2    Str: 10    XL:     5   Next: 60%
Magic:  8/14       EV: 12    Int: 18    God:
Gold:   122        SH:  0    Dex: 10    Spells: 2 memorised, 10 levels left

rFire  x . .     SeeInvis .     g - +0 spear
rCold  + . .     Clarity  .     a - +0 robe
rNeg   + + +     SustAb   .     (no shield)
rPois  ∞         Gourm    .     b - +0 hat
rElec  .         Spirit   .     (no cloak)
rCorr  .         Warding  .     (no gloves)
rMut   .         Stasis   .     (no boots)
MR     .....                    (no amulet)
Stlth  ++........               (no ring)
                                (no ring)

@: not resistant to hostile enchantments, unstealthy
A: no food or potions, fire vulnerability, restore body, cold resistance 1,
negative energy resistance 3, poison resistance, torment resistance, unbreathing
a: no special abilities


You were on level 3 of the Dungeon.
You were not hungry.

You visited 1 branch of the dungeon, and saw 3 of its levels.

You collected 122 gold pieces.

Inventory:

Hand weapons
 d - a +0 club
 e - a -3 whip
 g - a +0 spear (weapon)
Armour
 a - a +0 robe (worn)
 b - a +0 hat (worn)
Scrolls
 f - 2 scrolls of recharging
 h - 3 scrolls of remove curse
 i - a scroll of random uselessness
 j - a scroll of immolation
 k - a scroll of fog
 l - a scroll of teleportation {unknown}
Books
 c - a book of Minor Magic

   Spells                             Type                      Level
   a - Magic Dart                     Conjuration                  1
   b - Blink                          Translocation                2
   c - Call Imp                       Summoning                    2
   d - Repel Missiles                 Charms/Air                   2
   e - Slow                           Hexes                        2
   f - Conjure Flame                  Conjuration/Fire             3
   g - Mephitic Cloud                 Conjuration/Poison/Air       3


   Skills:
 - Level 1.5 Dodging
 - Level 1.5 Stealth
 + Level 4.8 Spellcasting
 + Level 3.1 Conjurations
 - Level 0.7 Summonings
   Level 0.7 Translocations


You had 10 spell levels left.
You knew the following spells:

 Your Spells              Type           Power        Failure   Level  Hunger
a - Magic Dart            Conj           ###.         4%          1    N/A
b - Call Imp              Summ           #.......     17%         2    N/A

Dungeon Overview and Level Annotations

Branches:
Dungeon (3/15)

Altars:
Ashenzari
Vehumet


Innate Abilities, Weirdness & Mutations

You do not eat or drink.
Your flesh is vulnerable to fire.
Your flesh is cold resistant.
You are immune to negative energy.
Your system is resistant to poisons.
You are immune to unholy pain and torment.
You can survive without breathing.


Message History

Aim: an orc, wielding a club (almost dead)
You could not reach far enough!
Your crimson imp blinks!
Your white imp closely misses the orc.
The orc barely misses your white imp.
Attack whom?
Press: ? - help, Dir - move target cursor, f/p - orc
Aim: an orc, wielding a club (almost dead)
You reach to attack!
You barely miss the orc.
The orc is almost dead.
Your crimson imp blinks!
Your white imp completely misses the orc.
The orc barely misses your white imp.
Attack whom?
Press: ? - help, Dir - move target cursor, f/p - orc
Aim: an orc, wielding a club (almost dead)
You reach to attack!
You closely miss the orc.
The orc is almost dead.
The orc priest calls down the wrath of Beogh upon you.
Something smites you!
You die...

.......##.... ....... #.#
#########.... ...... #.#
....#........ #.... #.#
..#.#......# #... #######.####
..#.#......# #§. #...........
..#.#......## #o# #!#######.##
.##.#.......# #o# #.#.....#.#
....#.......####5# ##'#.###.#.#
................@# #........#.#
.....####......######....#####.#
...............#....#..........##
..#.................#....#.......
..#.........###.....#.....<......
###.........# #.....#....#.#####.
#.#####...# #.....#....#.#.....
#.#####...###.....####.#.....#.
###..........##.......##.....#.#.


You could see an orc priest, an orc and a friendly white imp.

Vanquished Creatures
  A worker ant (D:3)
  6 adders
  A worm (D:3)
  A giant gecko (D:1)
  2 oozes
  2 orcs (D:3)
  A ball python (D:3)
  6 bats
  7 goblins
  8 hobgoblins
  A jackal (D:3)
  6 giant cockroaches
  6 giant newts
  8 kobolds
  6 rats
62 creatures vanquished.

Vanquished Creatures (collateral kills)
  A scorpion (D:3)
  2 orc wizards (D:3)
  2 adders (D:2)
  2 orcs (D:3)
  2 bats (D:2)
  4 hobgoblins
  6 kobolds
  2 goblins
  5 jackals
  2 rats (D:3)
28 creatures vanquished.

Vanquished Creatures (others)
  A shadow imp (D:3)
1 creature vanquished.

Grand Total: 91 creatures vanquished

Notes
Turn   | Place    | Note
--------------------------------------------------------------
     0 | D:1      | dithyrambik, the Mummy Wizard, began the quest for the Orb.
     0 | D:1      | Reached XP level 1. HP: 13/13 MP: 4/4
   291 | D:1      | Reached skill level 1 in Conjurations
   524 | D:1      | Reached XP level 2. HP: 16/19 MP: 3/6
   562 | D:1      | Learned a level 2 spell: Call Imp
  1896 | D:2      | Reached XP level 3. HP: 22/24 MP: 2/8
  1966 | D:2      | Found a radiant altar of Vehumet.
  2294 | D:2      | Reached skill level 4 in Spellcasting
  2294 | D:2      | Reached XP level 4. HP: 26/30 MP: 0/11
  4217 | D:3      | Reached XP level 5. HP: 35/35 MP: 9/13
  4858 | D:3      | Found a shattered altar of Ashenzari.
  4934 | D:3      | Killed from afar by an orc priest

Action                   |  1- 3 |  4- 6 || total
-------------------------+-------+-------++-------
Melee: Spear             |    13 |    58 ||    71
       Unarmed           |     2 |       ||     2
 Cast: Magic Dart        |    64 |    84 ||   148
       Call Imp          |     8 |    27 ||    35
  Use: Scroll            |     3 |     3 ||     6
 Stab: Distracted        |       |     1 ||     1
